 Dungeon Crawl Stone Soup version 0.28.0 (webtiles) character file.

Game seed: 11562497860627371718

33 issech the Cudgeller (level 3, -3/36 HPs)
             Began as a Troll Monk on Feb 10, 2022.
             Slain by Sigmund (10 damage)
             ... on level 2 of the Dungeon.
             The game lasted 00:02:55 (1059 turns).

issech the Cudgeller (Troll Monk)                   Turns: 1059, Time: 00:02:56

Health: -3/36      AC:  4    Str: 19    XL:     3   Next: 12%
Magic:  0/2        EV: 10    Int:  6    God:
Gold:   89         SH:  0    Dex: 14    Spells: 2/2 levels left

rFire   . . .      SeeInvis .   a - +0 mace
rCold   . . .      Faith    .   (no shield)
rNeg    . . .      Spirit   +   b - +0 robe
rPois   .          Reflect  .   (helmet restricted)
rElec   .          Harm     .   (no cloak)
rCorr   .          Rampage  .   (gloves unavailable)
Will    .....                   (boots unavailable)
Stlth   ++........              h - amulet of guardian spirit
HPRegen 0.92/turn               (no ring)
MPRegen 0.08/turn               (no ring)

@: no status effects
A: large, unfitting armour, claws 3, regeneration 1, shaggy fur 1, tough skin 1
a: no special abilities


You were on level 2 of the Dungeon.
You visited 1 branch of the dungeon, and saw 2 of its levels.

You collected 89 gold pieces.

Inventory:

Hand Weapons
 a - a +0 mace (weapon)
 e - a +2 dagger of venom
Missiles
 j - 3 poisoned darts (quivered)
 l - 23 sling bullets
Armour
 b - a +0 robe (worn)
Jewellery
 h - an amulet of guardian spirit (around neck)
Scrolls
 c - 2 scrolls of identify {unknown}
 d - a scroll of amnesia {unknown}
 g - a scroll of fog {unknown}
 k - a scroll of teleportation {unknown}
Potions
 i - a potion of attraction {unknown}


   Skills:
 + Level 2.7 Fighting
 + Level 3.3 Maces & Flails
 + Level 2.6 Dodging
 + Level 1.1 Stealth


You had 2 spell levels left.
You didn't know any spells.
Your spell library contained the following spells:

 Spells                   Type           Power      Damage    Failure   Level
 Magic Dart               Conj           0%         1d3       45%         1
 Call Imp                 Summ           0%         N/A       58%         2
 Mephitic Cloud           Conj/Pois/Air  0%         N/A       83%         3


Dungeon Overview and Level Annotations

Branches:
Dungeon (2/15)

Altars:

Annotations:
D:2 Sigmund


Innate Abilities, Weirdness & Mutations

You are too large for most types of armour.
You have claws for hands.
Your natural rate of healing is unusually fast.
You are covered in fur. (AC +1)
You have tough skin. (AC +1)


Message History

You barely miss something. Something hits you!
You hit something. Something hits you!
* * * LOW HITPOINT WARNING * * *
Something hits you but does no damage.
There is a stone staircase leading up here.
You climb upwards.
Reactivating autopickup.
There is a stone staircase leading down here.
You start resting.
Magic restored.
You start resting.
HP restored.
You climb downwards.
Level annotation: Sigmund Sigmund points at you and mumbles some strange words.
The puff of flame hits you.
There is a stone staircase leading up here.
Throw: 2 stones
Press: ? - help, Q - select action, (/) - cycle Shift-Dir - straight line, f - Sigmund
Aim: Sigmund, wielding a +0 scythe and wearing a +2 robe of positive energy (55% to hit)
You throw a stone.
The stone hits Sigmund but does no damage.
Throw: stone
Press: ? - help, Q - select action, (/) - cycle Shift-Dir - straight line, f/p - Sigmund
Aim: Sigmund, wielding a +0 scythe and wearing a +2 robe of positive energy (55% to hit)
You throw a stone. The stone barely misses Sigmund.
Sigmund gestures wildly while chanting.
Sigmund flickers and vanishes!
Deactivating autopickup; reactivate with Ctrl-A.
You hit something. Something hits you!
You hit something. Something hits you!
You miss something. Something hits you but does no damage.
You miss something. Something hits you.
You closely miss something. You barely miss something. Something hits you!
Something hits you!
* * * LOW HITPOINT WARNING * * *
There is a stone staircase leading up here.
Something hits you!
You die...

####### ########
......# #......#
#####.#####......#
..(..............#
#######...#((.{.@#
#####......#
########


There were no monsters in sight!

Vanquished Creatures
  A gnoll (D:1)
  An adder (D:1)
  4 endoplasms (D:1)
  A giant cockroach (D:1)
  A hobgoblin (D:1)
  2 kobolds (D:1)
  A quokka (D:1)
  A ball python (D:1)
  A bat (D:1)
  A rat (D:1)
14 creatures vanquished.

Notes
Turn   | Place    | Note
-------+----------+-------------------------------------------
     0 | D:1      | issech the Troll Monk began the quest for the Orb.
     0 | D:1      | Reached XP level 1. HP: 22/22 MP: 0/0
   361 | D:1      | Reached XP level 2. HP: 28/29 MP: 1/1
   406 | D:1      | Reached skill level 3 in Maces & Flails
   943 | D:2      | Noticed Sigmund
   991 | D:1      | Reached XP level 3. HP: 36/36 MP: 0/2
  1059 | D:2      | Slain by Sigmund

Illustrated notes

Levels and vault maps discovered:
D:1:      nzn_arrival_depleted_hourglass, layout_basic
D:2:      layout_rooms, minmay_quadrilaterals, uniq_sigmund

Skill      XL: |  1  2 |
---------------+-------+-----
Maces & Flails | 3 |  3.3
Fighting       | |  2.7
Dodging        | |  2.6
Stealth        | |  1.1

Action                   || total
-------------------------++-------
Melee: Mace              ||    57
Throw: Stone             ||     3
 Stab: Sleeping          ||     1
Armor: Robe              ||    19
Dodge: Dodged            ||    26
